 Dungeon Crawl Stone Soup version 0.29.1-15-g9cfb28693d (webtiles) character file.

Game seed: 14745879474282659323

3420 GigaChad the Cleaver (level 9, -4/79 HPs)
             Began as a Minotaur Fighter on Mar 13, 2023.
             Was an Initiate of Gozag.
             Killed by the air
             ... invoked by Gastronok
              (12 damage)
             ... on level 10 of the Dungeon.
             The game lasted 00:08:43 (7825 turns).

GigaChad the Cleaver (Minotaur Fighter)             Turns: 7825, Time: 00:08:43

Health: -4/79      AC: 22    Str: 24    XL:     9   Next: 76%
Magic:  8/8        EV:  7    Int:  5    God:    Gozag
Gold:   407        SH:  5    Dex: 11    Spells: 8/8 levels left

rFire   . . .      SeeInvis .   a - +4 war axe (protect)
rCold   . . .      Faith    .   c - +0 buckler
rNeg    . . .      Spirit   .   e - +0 plate armour
rPois   .          Reflect  .   (helmet restricted)
rElec   .          Harm     .   p - +0 cloak
rCorr   .          Rampage  .   (no gloves)
Will    +....                   (no boots)
Stlth   ..........              (no amulet)
HPRegen 0.23/turn               n - ring of willpower
MPRegen 0.11/turn               (no ring)

@: gold aura, under a protective aura, studying Maces & Flails
A: horns 2, retaliatory headbutt
a: Renounce Religion, Potion Petition, Call Merchant, Bribe Branch


You were on level 10 of the Dungeon.
You worshipped Gozag.
Gozag was aware of your devotion.
You visited 2 branches of the dungeon, and saw 10 of its levels.

You collected 520 gold pieces.
You paid 113 gold pieces to Gozag.

Inventory:

Hand Weapons
 a - a +4 war axe of protection (weapon)
 m - a +2 vampiric scythe
 o - a +2 quarterstaff of chaos
 s - the +7 whip of Recklessness {antimagic, rCorr Str+4 Dex-2}
   (You found it on level 3 of the Dungeon)

   It reduces the magical energy of the wielder, and disrupts the spells and
   magical abilities of those it strikes.
   Natural abilities and divine invocations are not affected.
   Str:       It affects your strength (+4).
   Dex:       It affects your dexterity (-2).
   rCorr:     It protects you from acid and corrosion.
Armour
 b - a +0 scale mail
 c - a +0 buckler (worn)
 e - a +0 plate armour (worn)
 p - a +0 cloak (worn)
 I - +0 acid dragon scales
Jewellery
 l - an amulet of magic regeneration
 n - a ring of willpower (left hand)
 r - a ring of protection from fire
 G - a ring of willpower
Wands
 q - a wand of flame (44)
Scrolls
 h - 2 scrolls of identify
 i - 5 scrolls of teleportation
 k - 3 scrolls of fog
 u - a scroll of enchant armour
 v - a scroll of poison
 y - a scroll of blinking
 z - a scroll of brand weapon
 A - a scroll of noise
 C - 4 scrolls of amnesia
 E - a scroll of silence
 F - 2 scrolls of fear
Potions
 d - 3 potions of might
 f - a potion of magic {unknown}
 g - 5 potions of curing
 j - 2 potions of lignification {unknown}
 t - 2 potions of attraction {unknown}
 w - a potion of haste {unknown}
 x - a potion of degeneration {unknown}
 B - 2 potions of flight {unknown}
 D - 3 potions of heal wounds {unknown}
 H - a potion of cancellation {unknown}


   Skills:
 + Level 7.1 Fighting
 + Level 11.4 Axes
 + Level 9.1 Armour
 + Level 0.8 Dodging
 + Level 1.4 Stealth
 + Level 7.1 Shields


You had 8 spell levels left.
You didn't know any spells.
Your spell library contained the following spells:

 Spells                   Type           Power      Damage    Failure   Level
 Static Discharge         Conj/Air       0%         3-3/arc   100%        2
 Gell's Gravitas          Tloc           0%         N/A       100%        3
 Lesser Beckoning         Tloc           0%         N/A       100%        3
 Teleport Other           Tloc           0%         N/A       100%        3
 Petrify                  Tmut/Erth      0%         N/A       100%        4
 Lightning Bolt           Conj/Air       0%         1d11      100%        5
 Metabolic Englaciation   Hex/Ice        0%         N/A       100%        5
 Dispersal                Tloc           0%         N/A       100%        6
 Statue Form              Tmut/Erth      0%         N/A       100%        6
 Maxwell's Capacitive Co  Air            0%         ∞         100%        8


Dungeon Overview and Level Annotations

Branches:
Dungeon (8/15)             Temple (1/1) D:7
   Lair: D:8-11

Altars:
Ashenzari
Cheibriados
Dithmenos
Elyvilon
Fedhas
Gozag
Hepliaklqana
Kikubaaqudgha
Makhleb
Nemelex Xobeh
Okawaru
Ru
Sif Muna
Trog
Uskayaw
Vehumet
Wu Jian
Xom
Yredelemnul
Zin
The Shining One

Annotations:
D:10 Gastronok


Innate Abilities, Weirdness & Mutations

You have a pair of horns on your head.
You reflexively headbutt those who attack you in melee.


Message History

The black bear bites you but does no damage.
You block the black bear's attack.
The black bear claws you but does no damage.
You barely miss the black bear.
You headbutt the black bear, but do no damage.
The black bear is severely wounded.
The black bear bites you but does no damage.
The black bear claws you but does no damage.
The black bear closely misses you. The black bear bites you.
The black bear completely misses you. The black bear barely misses you.
You barely miss the black bear. Your headbutt misses the black bear.
The black bear is severely wounded.
The black bear bites you. The black bear barely misses you.
The black bear closely misses you.
You closely miss the black bear.
The black bear is severely wounded.
The black bear bites you. The black bear barely misses you.
The black bear completely misses you. You block the black bear's attack.
The black bear claws you but does no damage. x2
You slash the black bear!
Your weapon exudes an aura of protection.
You kill the black bear!
Your Stealth skill increases to level 1!
You now have enough gold to petition Gozag for potion effects.
You now have 400 gold pieces (gained 7).
You now have 407 gold pieces (gained 7).
Gastronok the Ponderous comes into view.
He is wearing a +2 hat of stealth.
r - a ring of protection from fire You are no longer corroded.
Gastronok gurgles, "A snack!
A snack!"
You see here 18 gold pieces.
Gastronok bites you!!
* * * LOW HITPOINT WARNING * * *
You slash Gastronok!
Your weapon exudes an aura of protection.
Gastronok is lightly wounded.
Gastronok waves his eye-stalks in wide circles.
The air twists around and strikes you!
You die...
Your body crumbles into a pile of gold.

...........#.... .....#
#.............. .... ......
#.##.......#..##..# .
#.....##.##..........#...#..
#........#...............#..
#.........#........?..#.....
......................#..###
.........................#..
#.........@w?.....#........
#.................##......(.
......#...$........#.....#..
.....##.................####
..##...............#.......#
. .................#..##....
##..............#........#
#..............##.....(.#
...#............#........#


You could see Gastronok.

Vanquished Creatures
  Maggie (D:8)
  Grinder (D:4)
  Sigmund (D:2)
  A yak (D:10)
  A wyvern (D:7)
  Menkaure (D:4)
  An acid dragon (D:10)
  2 water moccasins
  Duvessa (D:7)
  2 black bears
  An ice beast (D:5)
  A sky beast (D:7)
  An ogre (D:5)
  A phantom (D:6)
  2 bullfrogs
  A necrophage (D:7)
  A gnoll sergeant (D:6)
  A scorpion (D:7)
  Dowan (D:7)
  A howler monkey (D:4)
  A bullfrog zombie (D:4)
  5 orc priests
  5 hounds
  Crazy Yiuf (D:2)
  3 jellies
  Terence (D:3)
  Jessica (D:2)
  3 orc wizards
  4 iguanas
  A hound skeleton (D:4)
  Robin (D:4)
  4 gnolls (D:6)
  12 adders
  A white imp (D:5)
  4 ufetubi
  An adder skeleton (D:4)
  2 adder zombies (D:4)
  2 worms
  A dart slug (D:3)
  21 orcs
  7 ball pythons
  5 endoplasms
  3 giant cockroaches
  20 goblins
  9 hobgoblins
  5 jackals
  6 quokkas
  4 bats
  A frilled lizard (D:1)
  5 kobolds
  A quokka skeleton (D:4)
  A rat (D:1)
164 creatures vanquished.

Vanquished Creatures (others)
  9 fungi (D:10)
  9 plants (D:10)
  A withered plant (D:4)
19 creatures vanquished.

Grand Total: 183 creatures vanquished

Notes
Turn   | Place    | Note
-------+----------+-------------------------------------------
     0 | D:1      | GigaChad the Minotaur Fighter began the quest for the Orb.
     0 | D:1      | Reached XP level 1. HP: 19/19 MP: 0/0
   315 | D:1      | Reached XP level 2. HP: 23/27 MP: 1/1
   845 | D:2      | Noticed Jessica
   852 | D:2      | Killed Jessica
   853 | D:2      | Reached skill level 3 in Axes
   853 | D:2      | Reached XP level 3. HP: 22/33 MP: 2/2
  1033 | D:2      | Noticed Sigmund
  1046 | D:2      | Killed Sigmund
  1047 | D:2      | Reached skill level 4 in Axes
  1047 | D:2      | Reached skill level 5 in Armour
  1047 | D:2      | Reached XP level 4. HP: 28/41 MP: 3/3
  1047 | D:2      | Reached XP level 5. HP: 33/47 MP: 4/4
  1157 | D:2      | Found a runed translucent door.
  1158 | D:2      | Noticed Crazy Yiuf
  1403 | D:2      | Killed Crazy Yiuf
  1760 | D:2      | Reached skill level 5 in Axes
  1760 | D:2      | Reached XP level 6. HP: 19/53 MP: 5/5
  2100 | D:3      | Found a radiant altar of Vehumet.
  2241 | D:3      | Found a sacrificial altar of Ru.
  2316 | D:3      | Identified the +7 whip of Recklessness {antimagic, rCorr
                  | Str+4 Dex-2}
  2322 | D:3      | Found a hide-covered altar of Uskayaw.
  2336 | D:3      | Noticed Terence
  2345 | D:3      | Killed Terence
  2346 | D:3      | Reached skill level 5 in Fighting
  3467 | D:4      | Reached XP level 7. HP: 42/61 MP: 6/6
  3469 | D:4      | Reached skill level 6 in Axes
  3869 | D:4      | Noticed Menkaure
  3875 | D:4      | Killed Menkaure
  3876 | D:4      | Reached skill level 7 in Axes
  4273 | D:4      | Noticed Grinder
  4282 | D:4      | Killed Grinder
  4283 | D:4      | Reached skill level 8 in Axes
  4283 | D:4      | Reached skill level 5 in Shields
  4283 | D:4      | Reached XP level 8. HP: 61/70 MP: 7/7
  4378 | D:4      | Noticed Robin
  4395 | D:4      | Killed Robin
  4690 | D:5      | Entered Level 5 of the Dungeon
  4968 | D:5      | Reached skill level 9 in Axes
  5555 | D:6      | Found a sacrificial altar of Ru.
  5558 | D:6      | Found a sparkling altar of Nemelex Xobeh.
  5558 | D:6      | Found a shimmering altar of Xom.
  5560 | D:6      | Found a blossoming altar of Fedhas.
  5560 | D:6      | Found a shimmering altar of Xom.
  5560 | D:6      | Found a shimmering blue altar of Sif Muna.
  5801 | D:6      | Found a burning altar of Makhleb.
  5886 | D:6      | Reached XP level 9. HP: 69/78 MP: 8/8
  5893 | D:6      | Reached skill level 10 in Axes
  6525 | D:7      | Found a staircase to the Ecumenical Temple.
  6534 | D:7      | Noticed Duvessa
  6534 | D:7      | Noticed Dowan
  6546 | D:7      | Killed Dowan
  6554 | D:7      | Killed Duvessa
  6706 | Temple   | Entered the Ecumenical Temple
  6809 | Temple   | Became a worshipper of Gozag Ym Sagoz the Greedy
  7098 | D:7      | Found a hazy altar of Hepliaklqana.
  7232 | D:7      | Found a basalt altar of Yredelemnul.
  7384 | D:8      | Noticed Maggie
  7404 | D:8      | Killed Maggie
  7405 | D:8      | Reached skill level 11 in Axes
  7688 | D:8      | Noticed a two-headed ogre
  7689 | D:8      | Noticed a two-headed ogre
  7689 | D:8      | Noticed an orange demon
  7702 | D:8      | You fall into a shaft and drop 2 floors!
  7702 | D:10     | Entered Level 10 of the Dungeon
  7810 | D:10     | Reached skill level 1 in Stealth
  7813 | D:10     | Noticed Gastronok
  7825 | D:10     | Killed from afar by Gastronok

Illustrated notes

Levels and vault maps discovered:
D:1:      eino_arrival_tree_alley, layout_loops_ring
D:2:      layout_rooms, uniq_crazy_yiuf_cottage, uniq_sigmund, uniq_jessica
D:3:      layout_basic, nicolae_ru_great_annihilating_truth,
          nicolae_overflow_crystal_walls, vehumet_altar_wand_db,
          hex_intersection, uniq_terence
D:4:      minmay_chambers_of_threes, layout_loops_ring, serial_undead,
          serial_undead_e, serial_undead_e, serial_undead_c, serial_undead_c,
          uniq_menkaure, uniq_robin, uniq_grinder
D:5:      layout_loops_ring, kennysheep_flooded_box
D:6:      layout_basic, doesnt_xom_only_xom, mainiacjoe_overflow_brackets
D:7:      layout_basic, lemuel_round_altar, mainiacjoe_overflow_alcove_4,
          minmay_temple_entry_slanted, enter_bailey_4, uniq_duvessa
D:8:      layout_basic, minmay_bent, uniq_maggie, uniq_joseph, uniq_amaemon
D:10:     layout_cave_pools, mainiacjoe_overflow_small_starburst,
          grunt_lair_entry_orc_guard_hut, uniq_gastronok
Temple:   nicolae_temple_bog_church

Skill      XL: |  1  2  3  4  5  6  7  8  9 |
---------------+----------------------------+-----
Armour         | 4 5 6 7 8 9 |  9.1
Fighting       | 4 5 6 7 |  7.1
Axes           | 3 4 5 8 9 11 | 11.4
Shields        | 4 5 6 7 |  7.1
Stealth        | 1 |  1.4
Dodging        | |  0.8

Action                   |  1- 3 |  4- 6 |  7- 9 || total
-------------------------+-------+-------+-------++-------
Melee: War axe           |    43 |    83 |   321 ||   447
       Headbutt          |     4 |     6 |    62 ||    72
  Use: Scroll            |     2 |       |    13 ||    15
Armor: Plate armour      |    22 |    72 |   219 ||   313
Dodge: Dodged            |     7 |    27 |   110 ||   144
Block: Buckler           |    16 |    15 |    96 ||   127
